 Dungeon Crawl Stone Soup version 0.30-b1-2-g02819fbbbe (webtiles) character file.

Game seed: 16068298103581078713

3157 Fartwhistle the Fighter (level 9, -1/99 (101) HPs)
             Began as an Ogre Gladiator on June 10, 2023.
             Was an Initiate of Gozag.
             Slain by Maggie
             ... wielding a +1 long sword of flaming
              (6 damage)
             ... on level 8 of the Dungeon.
             The game lasted 00:19:51 (11329 turns).

Fartwhistle the Fighter (Ogre Gladiator)           Turns: 11329, Time: 00:19:53

HP:   -1/99 (101)   AC:  5    Str: 24    XL:     9   Next: 94%
MP:   9/9           EV: 10    Int:  9    God:    Gozag
Gold: 374           SH:  0    Dex: 10    Spells: 8/8 levels left

rFire   . . .        B - +1 flail (venom)
rCold   + . .        (no shield)
rNeg    + . .        A - +1 robe of Heresy {+Blink rN+}
rPois   .            c - +0 hat
rElec   .            a - +0 cloak
rCorr   .            (gloves unavailable)
SInv    .            (boots unavailable)
Will    .....        (no amulet)
Stlth   +            j - ring of protection from cold
HPRegen 0.36/turn    (no ring)
MPRegen 0.11/turn

%: no passive effects
@: lightly drained
A: large, unfitting armour, tough skin 1
a: Renounce Religion, Evoke Blink, Potion Petition, Call Merchant, Bribe Branch


You were on level 8 of the Dungeon.
You worshipped Gozag.
Gozag was aware of your devotion.
You visited 2 branches of the dungeon, and saw 9 of its levels.
You also visited: Bailey.

You collected 824 gold pieces.
You paid 450 gold pieces to Gozag.

Inventory:

Hand Weapons
 B - a +1 flail of venom (weapon)
 C - a +0 giant club
 D - a +4 great sword
Missiles
 s - an atropa-tipped dart (quivered)
 y - 16 boomerangs
Armour
 a - a +0 cloak (worn)
 c - a +0 hat (worn)
 A - the +1 robe of Heresy (worn) {+Blink rN+}
   (You found it on level 5 of the Dungeon)

   rN:        It protects you from negative energy.
   +Blink:    It lets you blink.
Jewellery
 j - a ring of protection from cold (left hand)
 k - a +6 ring of intelligence
Scrolls
 b - a scroll of silence {unknown}
 h - 2 scrolls of fog
 l - a scroll of enchant armour {unknown}
 m - 6 scrolls of teleportation
 n - a scroll of amnesia
 o - a scroll of torment {unknown}
 p - a scroll of brand weapon {unknown}
 t - a scroll of enchant weapon {unknown}
 v - a scroll of vulnerability {unknown}
 x - a scroll of blinking {unknown}
Potions
 e - 2 potions of attraction {unknown}
 f - a potion of resistance {unknown}
 g - a potion of magic
 i - 2 potions of ambrosia
 r - 2 potions of might
 u - a potion of berserk rage {unknown}
 w - a potion of lignification {unknown}
 z - 2 potions of mutation


   Skills:
 + Level 9.7 Fighting
 + Level 7.1 Maces & Flails
 + Level 7.4 Throwing
 - Level 2.6 Dodging
 + Level 4.4 Evocations


You had 8 spell levels left.
You didn't know any spells.
Your spell library contained the following spells:

 Spells                   Type           Power      Damage    Failure   Level
 Lesser Beckoning         Tloc           0%         N/A       52%         2
 Gell's Gravitas          Tloc           0%         N/A       77%         3
 Inner Flame              Hex/Fire       0%         N/A       77%         3
 Teleport Other           Tloc           0%         N/A       77%         3
 Flame Wave               Conj/Fire      0%         2d4       99%         4
 Sticky Flame             Conj/Fire      0%         2d3       99%         4


Dungeon Overview and Level Annotations

Branches:
Dungeon (8/15)             Temple (1/1) D:5          Bailey (visited)
   Lair: D:8-11

Altars:
Ashenzari
Cheibriados
Elyvilon
Fedhas
Gozag
Hepliaklqana
Kikubaaqudgha
Makhleb
Nemelex Xobeh
Okawaru
Qazlal
Ru
Sif Muna
Trog
Uskayaw
Vehumet
Wu Jian
Xom
Yredelemnul
Zin
The Shining One

Shops:
D:8 (

Annotations:
D:8 Maggie


Innate Abilities, Weirdness & Mutations

You are too large for most types of armour.
You have tough skin. (AC +1)


Message History

You throw a throwing net. The throwing net barely misses Maggie.
Throw: throwing net
Press: ? - help, Shift-Dir - straight line, f/p - Maggie
Aim: Maggie, wielding a +1 long sword of flaming and wearing +0 swamp dragon scales (heavily wounded, mesmerising, extremely poisoned, 68% to hit)
You throw a throwing net. The throwing net barely misses Maggie.
Maggie hits you with a +1 long sword of flaming.
* * * LOW HITPOINT WARNING * * *
Maggie burns you.
* * * LOW HITPOINT WARNING * * *
Your magical effects are unravelling.
You feel magically purged.
You break out of your daze.
Maggie mumbles some strange words.
Maggie attempts to bespell you! You resist.
Unknown command.
You hit Maggie but do no damage.
Maggie is severely wounded.
Maggie hits you with a +1 long sword of flaming!
* * * LOW HITPOINT WARNING * * *
Maggie burns you.
* * * LOW HITPOINT WARNING * * *
Unknown command.
You are confused.
You feel invigorated. Maggie gestures at you while chanting.
The bolt of fire misses you. Maggie attacks as you move away!
Maggie closely misses you.
You barely miss Maggie.
Maggie is severely wounded.
You feel less invigorated.
You feel less confused. Maggie casts a spell at you.
The bolt of fire misses you.
You hit Maggie.
Maggie is almost dead.
Maggie hits you with a +1 long sword of flaming!
* * * LOW HITPOINT WARNING * * *
Maggie burns you.
You die...
Your body crumbles into a pile of gold.

##### ### #... ..# ##.##
#.# ########...## #.#
#...........## #.#
#.....>..@@..###.. #.#
#.........$.....(#
#.######..####.####.###..
....))....# #.# #
#########.# #.# #.# #.#
#∩# #.# #.# ..# #.# ###


You could see Maggie (very poisoned).

Vanquished Creatures
  The ghost of Alarkh the Martial Artist, a novice DsCK of Xom (D:6)
  3 yaks
  An orc warrior (Bailey)
  A centaur (D:7)
  An ogre (D:7)
  4 kobold brigands (Bailey)
  4 bullfrogs
  2 necrophages (D:7)
  5 scorpions
  5 wights
  A howler monkey (D:7)
  A bullfrog zombie (D:7)
  2 centaur zombies (D:7)
  An orc priest (D:4)
  A gnoll bouda (Temple)
  A human zombie (D:7)
  6 iguanas
  4 orc wizards
  5 mummies (D:7)
  7 gnolls
  4 adders
  A white imp (D:5)
  2 ufetubi (D:5)
  2 worms
  20 orcs
  5 ball pythons
  8 bats
  6 endoplasms
  14 giant cockroaches
  3 goblins
  11 hobgoblins
  8 quokkas
  2 frilled lizards
  15 kobolds
  5 rats
162 creatures vanquished.

Notes
Turn   | Place    | Note
-------+----------+-------------------------------------------
     0 | D:1      | Fartwhistle the Ogre Gladiator began the quest for the Orb.
     0 | D:1      | Reached XP level 1. HP: 22/22 MP: 1/1
    61 | D:1      | Reached skill level 3 in Fighting
    73 | D:1      | Reached XP level 2. HP: 31/31 MP: 2/2
   372 | D:1      | Found a faded altar of an unknown god.
   903 | D:2      | Reached XP level 3. HP: 37/37 MP: 3/3
  1374 | D:2      | Reached XP level 4. HP: 48/48 MP: 4/4
  1537 | D:3      | Reached skill level 4 in Fighting
  1974 | D:3      | Reached XP level 5. HP: 33/55 MP: 5/5
  3618 | D:4      | Reached skill level 5 in Fighting
  3618 | D:4      | Reached XP level 6. HP: 50/66 MP: 6/6
  4109 | D:4      | Found a basalt altar of Yredelemnul.
  4109 | D:4      | Found a stormy altar of Qazlal.
  4200 | D:5      | Entered Level 5 of the Dungeon
  4725 | D:5      | Reached skill level 6 in Fighting
  4725 | D:5      | Reached XP level 7. HP: 71/75 MP: 7/7
  5075 | D:5      | Found a staircase to the Ecumenical Temple.
  5116 | Temple   | Entered the Ecumenical Temple
  5494 | Temple   | Became a worshipper of Gozag Ym Sagoz the Greedy
  5754 | D:5      | Found a blossoming altar of Fedhas.
  6170 | D:5      | Identified the +1 robe of Heresy {+Blink rN+}
  6655 | D:6      | Reached skill level 5 in Maces & Flails
  6655 | D:6      | Reached skill level 5 in Throwing
  6655 | D:6      | Reached skill level 1 in Evocations
  7149 | D:6      | Found a runed translucent door.
  7159 | D:6      | Noticed Alarkh's ghost (novice DsCK)
  7179 | D:6      | Killed Alarkh's ghost
  7180 | D:6      | Reached skill level 7 in Fighting
  7180 | D:6      | Reached XP level 8. HP: 44/88 MP: 8/8
  7885 | D:7      | Found a flagged portal.
  7896 | Bailey   | Entered a bailey
  7933 | Bailey   | Reached skill level 8 in Fighting
  8223 | Bailey   | Reached XP level 9. HP: 12/97 MP: 9/9
  8225 | Bailey   | HP: 4/97 [orc warrior/+0 broad axe (16)]
  8247 | Bailey   | HP: 2/97 [poisoned by a kobold brigand (curare-tipped
                  | dart)]
  9239 | D:7      | Found an ancient bone altar of Kikubaaqudgha.
  9627 | D:7      | Reached skill level 9 in Fighting
 11086 | D:8      | Found Ceceosto's Weapon Boutique.
 11309 | D:8      | Noticed Maggie
 11325 | D:8      | HP: 4/99 [Maggie/+1 long sword of flaming (1)]
 11329 | D:8      | Slain by Maggie

Illustrated notes

Levels and vault maps discovered:
D:1:      dpeg_arrival_refuge, layout_basic,
          hellmonk_ecumenical_altar_pennies_from_heaven
D:2:      minmay_roachtagon, layout_basic
D:3:      layout_loops_cross, minmay_increasing_density
D:4:      layout_loops_corners, gammafunk_temple_overflow_elements
D:5:      layout_basic, lemuel_crystal_altar, minmay_temple_entry_steel_oval
D:6:      layout_rooms, ebering_ghost_sewer_d, minmay_hedge_maze
D:7:      layout_gridville, lemuel_mausoleum_altar_kikubaaqudgha, enter_bailey_4
D:8:      layout_loops_ring, serial_shops, nicolae_shop_just_a_little_nook,
          kennysheep_little_box, nicolae_lakefront_shop, shop, uniq_erica,
          uniq_joseph, uniq_maggie, uniq_amaemon
Temple:   minmay_temple_bridge_d

Skill      XL: |  1  2  3  4  5  6  7  8  9 |
---------------+----------------------------+-----
Fighting       | 3 4 5 6 7 8 9 |  9.7
Maces & Flails | 3 4 5 6 7 |  7.1
Throwing       | 3 4 5 6 7 |  7.4
Evocations     | 2 3 4 |  4.4
Dodging        | |  2.6

Action                     |  1- 3 |  4- 6 |  7- 9 || total
---------------------------+-------+-------+-------++-------
  Melee: Flail             |   126 |   175 |   314 ||   615
         Punch             |     1 |     1 |     4 ||     6
         Giant club        |       |       |    44 ||    44
  Throw: Boomerang         |       |       |    15 ||    15
         Dart              |       |       |     5 ||     5
         Large rock        |       |       |     1 ||     1
         Throwing net      |       |       |     3 ||     3
 Invoke: Potion Petition   |       |       |     1 ||     1
    Use: Scroll            |     3 |     1 |     8 ||    12
         Potion            |       |       |     7 ||     7
   Stab: Sleeping          |     2 |       |       ||     2
         Distracted        |       |       |     1 ||     1
 Armour: Robe              |    70 |    38 |    83 ||   191
  Dodge: Dodged            |    93 |    96 |   204 ||   393
